 Dungeon Crawl Stone Soup version 0.28-a0-472-g50180c0d78 (webtiles) character file.

Game seed: 7411885190959874923

131 Dabor the Skirmisher (level 5, -5/42 HPs)
             Began as a Formicid Abyssal Knight on Sept 15, 2021.
             Was a Believer of Lugonu.
             Slain by a gnoll (6 damage)
             ... on level 3 of the Dungeon.
             The game lasted 00:08:41 (3322 turns).

Dabor the Skirmisher (Formicid Abyssal Knight)      Turns: 3322, Time: 00:08:42

Health: -5/42      AC: 10    Str: 18    XL:     5   Next: 37%
Magic:  7/7        EV:  5    Int: 11    God:    Lugonu [**....]
Gold:   1804       SH:  8    Dex: 10    Spells: 4/4 levels left

rFire   . . .      SeeInvis +   a - +1 spear (vorpal)
rCold   . . .      Faith    .   i - +1 kite shield
rNeg    . . .      Spirit   .   r - +0 chain mail
rPois   .          Reflect  .   (helmet unavailable)
rElec   .          Harm     .   (no cloak)
rCorr   .          Rampage  .   (no gloves)
Will    .....                   p - +0 pair of boots
Stlth   ..........              (no amulet)
HPRegen 0.14/turn               (no ring)
MPRegen 0.10/turn               (no ring)

@: no status effects
A: permanent stasis, dig shafts and tunnels, antennae 3, four strong arms
a: Dig, Shaft Self, Renounce Religion, Depart the Abyss, Bend Space


You were on level 3 of the Dungeon.
You worshipped Lugonu.
Lugonu was pleased with you.
You visited 1 branch of the dungeon, and saw 3 of its levels.
You visited the Abyss 1 time.

You collected 1804 gold pieces.

Inventory:

Hand Weapons
 a - a +1 vorpal spear (weapon)
 g - a +0 bardiche of freezing
Missiles
 e - 7 javelins (quivered)
 j - 3 boomerangs
 q - 10 poisoned darts
Armour
 b - a +0 leather armour
 i - a +1 kite shield (worn)
 o - a +0 ring mail
 p - a +0 pair of boots (worn)
 r - a +0 chain mail (worn)
Scrolls
 f - 2 scrolls of brand weapon
Potions
 c - a potion of brilliance
 d - 2 potions of haste


   Skills:
 + Level 3.9 Fighting
 + Level 2.7 Polearms
 + Level 1.2 Throwing
 + Level 2.9 Armour
 + Level 1.9 Dodging
 + Level 1.2 Shields
 + Level 3.0 Invocations


You had 4 spell levels left.
You didn't know any spells.
Your spell library was empty.

Dungeon Overview and Level Annotations

Branches:
Dungeon (3/15)

Altars:


Innate Abilities, Weirdness & Mutations

You cannot be hasted, slowed, berserked, paralysed or teleported.
You can dig through walls and to a lower floor.
You have a pair of large antennae on your head. (SInv)
Your four strong arms can wield two-handed weapons with a shield.


Message History

Your Invocations skill increases to level 3!
Okay, then.
Okay, then.
You closely miss the gnoll.
The gnoll is lightly wounded.
You block the gnoll's attack.
You hit the gnoll.
The gnoll is heavily wounded.
The gnoll barely misses you.
You barely miss the gnoll.
The gnoll is heavily wounded.
You block the gnoll's attack.
You closely miss the gnoll.
The gnoll is heavily wounded.
You block the gnoll's attack. The gnoll hits you but does no damage.
You hit the gnoll but do no damage.
The gnoll is heavily wounded.
You block the gnoll's attack.
You barely miss the gnoll.
The gnoll is heavily wounded.
The gnoll hits you with a +0 spear.
* * * LOW HITPOINT WARNING * * *
You hit the gnoll.
The gnoll is almost dead.
The gnoll hits you but does no damage. The gnoll is attracted toward you.
You feel less attractive to monsters.
You puncture the gnoll!
You kill the gnoll!
Lugonu accepts your kill.
A hobgoblin comes into view.
You block the gnoll's attack. The gnoll hits you but does no damage.
Your shield and chain mail prevent you from hitting the gnoll.
The gnoll hits you with a +3 whip of flaming.
* * * LOW HITPOINT WARNING * * *
The gnoll burns you.
* * * LOW HITPOINT WARNING * * *
You hit the gnoll.
The gnoll is moderately wounded.
The gnoll hits you with a +3 whip of flaming.
You die...

#.########## #..##
#...... #.. ###.##
#...... ##.# ####...#
#...... .# #.(..###
#...... ..
###.####### #......
... ###..........
........
....###..§)#########
##...>..
........##.###.....#.
....###..§g##@.......
...........†g).......
...########.........
. #.........
#.....g... #.........
#......... ##........
#.....#


You could see a gnoll and a hobgoblin.

Vanquished Creatures
  2 gnolls (D:3)
  5 adders
  A worm (D:2)
  3 dart slugs
  5 ball pythons
  An endoplasm (D:3)
  2 giant cockroaches
  3 goblins (D:1)
  5 hobgoblins
  7 jackals (D:1)
  4 quokkas
  4 bats
  4 frilled lizards
  6 kobolds
  5 rats
57 creatures vanquished.

Notes
Turn   | Place    | Note
-------+----------+-------------------------------------------
     0 | Abyss:1  | Dabor the Formicid Abyssal Knight began the quest for the
                  | Orb.
     0 | Abyss:1  | Reached XP level 1. HP: 18/18 MP: 2/2
     0 | D:1      | Escaped the Abyss
   137 | D:1      | Reached skill level 1 in Dodging
   416 | D:1      | Reached XP level 2. HP: 18/24 MP: 3/3
   511 | D:1      | Reached * piety under Lugonu
   975 | D:1      | Reached XP level 3. HP: 29/29 MP: 4/4
  1510 | D:2      | Reached XP level 4. HP: 3/37 MP: 4/6
  1788 | D:2      | Reached ** piety under Lugonu
  1850 | D:2      | Found a faded altar of an unknown god.
  1903 | D:2      | Reached skill level 1 in Throwing
  3078 | D:3      | Identified 3 scrolls of acquirement
  3078 | D:3      | Acquired 969 gold pieces
  3079 | D:3      | Acquired 754 gold pieces
  3080 | D:3      | Acquired a +0 bardiche of venom
  3102 | D:3      | Reached XP level 5. HP: 42/42 MP: 7/7
  3154 | D:3      | Reached skill level 1 in Shields
  3321 | D:3      | HP: 2/42 [gnoll (2)]
  3322 | D:3      | Slain by a gnoll

Illustrated notes

Levels and vault maps discovered:
D:1:      lordsloth_arrival_two_stooges, layout_basic
D:2:      layout_basic, chequers_ecumenical_altar_twisty
D:3:      layout_rooms, amethyst_killhole

Skill      XL: |  1  2  3  4  5 |
---------------+----------------+-----
Dodging        | 1 |  1.9
Throwing       | 1 |  1.2
Shields        | 1 |  1.2
Invocations    | 3 |  3.0
Fighting       | |  3.9
Polearms       | |  2.7
Armour         | |  2.9

Action                   |  1- 3 |  4- 6 || total
-------------------------+-------+-------++-------
Melee: Spear             |   130 |    98 ||   228
       Bardiche          |       |    10 ||    10
Invok: Depart the Abyss  |     1 |       ||     1
  Use: Scroll            |     1 |    10 ||    11
       Potion            |       |     5 ||     5
Armor: Leather armour    |    44 |    12 ||    56
       Chain mail        |       |    25 ||    25
       Ring mail         |       |    10 ||    10
Dodge: Dodged            |    58 |    31 ||    89
Block: Kite shield       |     9 |    35 ||    44

Table legend: (Time is in decaauts)
 A = Elapsed time spent in this place.
 B = Non-inter-level travel time spent in this place.
 C = Inter-level travel time spent in this place.
 D = Time resting spent in this place.
 E = Time spent auto-exploring this place.
 F = Levels seen in this place.
 G = Mean time per level.
                   A        B        C        D        E       F      G
               +--------+--------+--------+--------+--------+-----+--------+
         Total |   3366 |   3295 |     71 |    944 |   1620 |   4 |  841.5 |
       Dungeon |   3366 |   3295 |     71 |    944 |   1620 |   3 | 1122.0 |
         Abyss |      0 |      0 |      0 |      0 |      0 |   1 |    0.0 |
               +--------+--------+--------+--------+--------+-----+--------+

Top non-repeatable levels by time:
     D:2: 1727 daAuts
     D:1: 1344 daAuts
     D:3: 294 daAuts
